Map: Site Delta LE

Players

prettythanU - Winner!

  • Race: Zerg Zerg
  • League: Gold
  • Spawn Location: 5:00

SubN

  • Race: Protoss Protoss
  • League: Diamond
  • Spawn Location: 11:00

VOD

Have the link to the VOD?

Description

Time

  • Played on: Dec. 31, 2023, 7:33 p.m.
  • Length: 12:55
Show
View Real Time Build Order
Export as new Build Order

prettythanU Zerg - Winner!

Build Orders: Pool First 

Get SALT Encoding   

  12  0:00  Drone  
  13  0:08  Drone  
  14  0:25  Spawning Pool  
  13  0:29  Drone  
  13  0:32  Extractor  
  13  0:35  Drone  
  14  0:39  Extractor  
  14  0:41  Drone  
  15  0:48  Overlord  
  16  1:12  Zergling x4  
  16  1:13  Zergling x2  
  16  1:14  Queen  
  21  1:40  Hatchery  
  21  1:41  Overlord  
  21  1:42  Drone  
  21  1:45  Drone  
  22  1:47  Extractor  
  21  1:57  Drone  
  22  2:04  Queen  
  22  2:08  Drone  
  25  2:19  Drone  
  26  2:27  Hatchery  
  25  2:30  Drone  
  25  2:33  Overlord  
  26  2:38  Drone  
  26  2:41  Drone  
  28  2:59  Drone  
  29  3:08  Drone  
  29  3:11  Overlord, Roach Warren  
  29  3:12  Drone  
  30  3:16  Hatchery  
  30  3:18  Overlord  
  29  3:22  Drone  
  29  3:25  Drone  
  31  3:35  Overlord  
  31  3:36  Drone  
  31  3:37  Drone  
  33  3:45  Queen  
  35  3:56  Roach  
  35  3:57  Roach  
  35  3:58  Roach  
  41  4:04  Roach  
  41  4:06  Roach  
  47  4:10  Roach  
  47  4:15  Roach  
  49  4:17  Roach  
  49  4:22  Roach  
  49  4:23  Roach  
  55  4:30  Roach x2  
  57  4:52  Drone  
  56  4:57  Drone x2, Evolution Chamber x2  
  56  4:59  Extractor  
  55  5:00  Drone x4  
  55  5:01  Drone x2  
  55  5:02  Drone  
  55  5:03  Extractor  
  55  5:06  Pneumatized Carapace  
  61  5:09  Drone  
  61  5:11  Drone  
  63  5:18  Drone x3  
  63  5:20  Drone  
  67  5:26  Overlord  
  67  5:30  Drone x2  
  69  5:36  Lair  
  69  5:39  Drone x2  
  69  5:42  Drone  
  72  5:43  Extractor  
  72  5:44  Drone x2  
  72  5:47  Drone  
  74  5:57  Overlord  
  74  5:58  Drone x2  
  76  6:08  Roach x2  
  76  6:10  Drone  
  81  6:14  Overlord x2  
  81  6:15  Spore Crawler  
  81  6:17  Spore Crawler x2  
  78  6:20  Drone x4  
  78  6:25  Drone  
  83  6:28  Spore Crawler  
  83  6:29  Drone, Spore Crawler  
  83  6:32  Zerg Missile Weapons Level 1  
  82  6:37  Drone, Hydralisk Den  
  82  6:41  Drone x2  
  85  6:47  Drone, Overlord  
  85  6:49  Overlord  
  85  6:53  Overlord  
  85  7:03  Drone x2  
  85  7:06  Grooved Spines  
  87  7:13  Hydralisk x2, Hatchery  
  90  7:16  Hydralisk  
  90  7:19  Hydralisk  
  94  7:24  Hydralisk  
  94  7:25  Hydralisk  
  94  7:28  Zerg Ground Armor Level 1  
  98  7:31  Overlord  
  98  7:37  Extractor  
  98  7:38  Hydralisk x2  
  98  7:40  Hydralisk  
  103  7:48  Hydralisk x2  
  103  7:50  Hydralisk x2  
  111  7:56  Muscular Augments  
  111  7:58  Queen  
  113  8:08  Drone x3  
  113  8:10  Hydralisk x2, Spore Crawler  
  113  8:11  Hydralisk  
  121  8:18  Overlord x2  
  121  8:20  Infestation Pit  
  121  8:26  Drone  
  121  8:27  Overlord  
  121  8:35  Drone x2  
  121  8:36  Extractor  
  121  8:37  Hydralisk x2  
  121  8:38  Hydralisk x4  
  121  8:40  Hydralisk  
  136  8:48  Hydralisk x3  
  140  9:22  Hydralisk x3  
  140  9:23  Queen  
  140  9:35  Hydralisk  
  140  9:36  Overlord x4  
  140  9:37  Drone  
  143  9:52  Hatchery  
  136  9:55  Roach x2  
  130  10:00  Hydralisk x4  
  130  10:03  Hive  
  136  10:19  Overlord x2  
  137  10:21  Drone x2  
  137  10:27  Hydralisk  
  140  10:30  Hatchery  
  140  10:32  Zerg Ground Armor Level 2, Zerg Missile Weapons Level 2  
  139  10:45  Overseer x2  
  139  11:02  Overlord  
  139  11:16  Viper x4  
  139  11:17  Viper  
  155  11:32  Drone  
  155  11:33  Drone x2, Extractor  
  155  11:34  Extractor  
  155  11:44  Hydralisk x4  
  163  11:57  Spore Crawler  
  163  12:01  Drone x3, Spire  
  161  12:08  Spore Crawler  
  163  12:13  Drone x4  
  163  12:14  Drone x3, Spore Crawler  
Show
View Real Time Build Order
Export as new Build Order

SubN Protoss 

Build Orders: Carriers 

Get SALT Encoding   

  12  0:00  Probe  
  13  0:12  Probe  
  14  0:19  Pylon  
  14  0:25  Probe  
  15  0:37  Probe  
  15  0:39  Forge  
  17  0:50  Probe  
  17  1:02  Probe  
  18  1:14  Probe  
  18  1:18  Gateway  
  19  1:21  Gateway  
  19  1:30  Photon Cannon  
  19  1:35  Probe  
  20  1:42  Photon Cannon  
  20  1:47  Probe  
  21  1:59  Pylon  
  21  2:06  Probe  
  22  2:15  Assimilator  
  22  2:16  Assimilator  
  22  2:21  Photon Cannon  
  22  2:23  Pylon  
  22  2:25  Pylon  
  22  2:32  Photon Cannon  
  22  2:42  Photon Cannon  
  22  2:48  Photon Cannon  
  22  3:04  Probe  
  23  3:17  Probe  
  24  3:26  Nexus  
  24  3:29  Probe  
  24  3:37  Cybernetics Core  
  24  3:41  Probe  
  25  3:53  Probe  
  26  4:05  Probe  
  26  4:06  Assimilator  
  26  4:08  Assimilator  
  27  4:14  Pylon  
  27  4:17  Stalker  
  27  4:18  Pylon  
  29  4:26  Stalker  
  29  4:30  Warp Gate  
  31  4:40  Stargate  
  31  4:47  Stargate  
  31  5:00  Stalker x2  
  31  5:04  Probe  
  31  5:05  Probe  
  37  5:18  Probe x2 (Chrono Boost)  
  41  5:29  Probe x2 (Chrono Boost)  
  41  5:30  Fleet Beacon  
  41  5:35  Probe x2 (Chrono Boost)  
  43  5:46  Probe (Chrono Boost)  
  43  5:47  Probe (Chrono Boost)  
  45  5:54  Probe (Chrono Boost)  
  50  5:59  Void Ray  
  50  6:10  Void Ray  
  54  6:20  Probe x2  
  56  6:30  Protoss Air Weapons Level 1  
  56  6:32  Probe x2  
  58  6:35  Photon Cannon  
  58  6:41  Carrier  
  58  6:44  Probe x2  
  66  7:00  Probe x2  
  68  7:05  Pylon x2  
  68  7:09  Pylon  
  68  7:11  Pylon  
  68  7:23  Carrier  
  74  7:36  Nexus  
  74  7:43  Pylon  
  74  7:47  Pylon  
  74  7:51  Pylon  
  74  7:54  Carrier  
  74  7:57  Assimilator  
  80  8:02  Assimilator  
  80  8:04  Probe x2  
  82  8:07  Stalker  
  84  8:16  Probe  
  85  8:26  Robotics Facility  
  85  8:32  Pylon  
  85  8:35  Pylon  
  85  8:37  Pylon  
  85  8:41  Probe x2  
  85  8:46  Carrier  
  93  8:53  Probe  
  93  8:54  Probe  
  95  8:57  Stalker  
  95  9:01  Stalker  
  99  9:09  Protoss Air Weapons Level 2  
  83  9:27  Carrier  
  83  9:29  Zealot  
  91  9:32  Zealot  
  91  9:35  Probe x2  
  95  9:50  Carrier (Chrono Boost)  
  97  9:56  Zealot x2  
  70  10:15  Zealot x2  
  64  10:24  Observer  
  65  10:28  Carrier (Chrono Boost)  
  65  10:33  Immortal  
  71  10:36  Stalker x2  
  75  10:48  Carrier (Chrono Boost)  
  85  11:18  Carrier (Chrono Boost)  
  85  11:22  Stalker x2  
  95  11:38  Carrier  
  95  11:39  Probe x2  
  103  11:51  Probe  
  104  11:57  Nexus  
  104  12:03  Pylon  
  104  12:07  Pylon  
Tags
 
Composition
Carriers
Matchup
PvZ
Opening
Pool First
Replay Pack
2025 replay dump
Spawn Locations
Cross Positions
Add a new tag
Caveats
  • Supply blocks, unpowered buildings, or Contaminate may cause inaccurate times.
  • Supply counts are checked every 10 seconds.